 Dungeon Crawl Stone Soup version 0.14-a0-445-g388476e (webtiles) character file.

57 LostMyPassword the Digger (level 2, -2/15 HPs)
             Began as a Gargoyle Earth Elementalist on Oct 30, 2013.
             Slain by a gnoll
             ... wielding a +1,+0 whip
              (8 damage)
             ... on Level 1 of the Dungeon.
             The game lasted 00:02:29 (480 turns).

LostMyPassword the Digger (GrEE)                     Turns: 480, Time: 00:02:29

HP  -2/15        AC  4     Str 11      XL: 2   Next: 33%
MP   0/4         EV 12     Int 15      God:
Gold 45          SH  0     Dex 10      Spells:  2 memorised,  0 levels left

Res.Fire  : . . .   See Invis. : .   (no weapon)
Res.Cold  : . . .   Warding    : .   c - +0 robe
Life Prot.: + . .   Conserve   : .   (no shield)
Res.Poison: +       Res.Corr.  : .   (no helmet)
Res.Elec. : .       Clarity    : .   (no cloak)
Sust.Abil.: . .     Spirit.Shd : .   (no gloves)
Res.Mut.  : .       Stasis     : .   (no boots)
Res.Rott. : +       Flight     : .   (no amulet)
Saprovore : . . .                    (no ring)
                                     (no ring)

@: not resistant to hostile enchantments, fairly stealthy
A: fangs 1, talons 2, life protection 1, slow metabolism 1, unbreathing,
petrification resistance, AC +2
a: no special abilities


You were on level 1 of the Dungeon.
You were not hungry.

You visited 1 branch of the dungeon, and saw 1 of its levels.

You collected 25 gold pieces.

Inventory:

Missiles
 b - 36 stones (quivered)
Armour
 c - a +0 robe (worn)
Comestibles
 a - 2 bread rations
 f - a chunk of rat flesh
 j - a pear
 k - a chunk of giant cockroach flesh
 l - a chunk of giant cockroach flesh
Scrolls
 e - a scroll of enchant weapon I {unknown}
 h - a scroll of blinking {unknown}
Potions
 i - a potion of heal wounds {unknown}
Books
 d - a book of Geomancy

   Spells                             Type                      Level
   *Sandblast                         Earth                        1
   *Stoneskin                         Transmutation/Earth          2
   Passwall                           Transmutation/Earth          3
   Stone Arrow                        Conjuration/Earth            3
   Petrify                            Transmutation/Earth          4
   Lee's Rapid Deconstruction         Earth                        5


   Skills:
 - Level 1.5 Dodging
 - Level 2.1 Stealth
 * Level 0.7 Unarmed Combat
 - Level 1.0 Spellcasting
 - Level 0.7 Transmutations
 + Level 4.3 Earth Magic


You couldn't memorise any spells.
You knew the following spells:

 Your Spells              Type           Power        Failure   Level  Hunger
a - Sandblast             Erth           ##....       4%          1    ##.....
b - Stoneskin             Trmt/Erth      #.........   14%         2    ###....


Dungeon Overview and Level Annotations

Branches:
Dungeon (1/27)

Altars:


Innate Abilities, Weirdness & Mutations

You are resistant to torment.
You are immune to poison.
Your stone body is very resilient (AC +2).
You have very sharp teeth.
You have razor-sharp toenails.
You resist negative energy.
You have a slow metabolism.
You can survive without breathing.
You are immune to petrification.


Message History

Press: ? - help, Shift-Dir - straight line, f/p - gnoll
Aim: a gnoll, wielding a whip (heavily wounded)
The blast of sand misses the gnoll.
* * * LOW MAGIC WARNING * * *
The gnoll misses you.
You hit the gnoll but do no damage.
The gnoll is heavily wounded.
The gnoll hits you with a whip!
Ouch! That really hurt!
* * * LOW HITPOINT WARNING * * *
Casting: Sandblast
Confirm with . or Enter, or press ? or * to list all spells.
Aiming: Sandblast
Press: ? - help, Shift-Dir - straight line, f/p - gnoll
Aim: a gnoll, wielding a whip (moderately wounded)
The blast of sand misses the gnoll.
* * * LOW MAGIC WARNING * * *
The gnoll hits you with a whip!
Ouch! That really hurt!
You die...

..........# ...........#
...........# ...........#
.....$.....# .?.........######
................#
(...............####
......[........g@..##############
.................................
############......##############
#......# #.....[# #......#
#......# ############ #......#
#.[......... #......#
#...........


You could see a gnoll.

Vanquished Creatures
  A goblin (D:1)
  2 hobgoblins (D:1)
  3 bats (D:1)
  3 giant cockroaches (D:1)
  A kobold (D:1)
  3 rats (D:1)
13 creatures vanquished.

Notes
Turn   | Place    | Note
--------------------------------------------------------------
     0 | D:1      | LostMyPassword, the Gargoyle Earth Elementalist, began the quest for the Orb.
     0 | D:1      | Reached XP level 1. HP: 10/10 MP: 3/3
    41 | D:1      | Reached skill level 4 in Earth Magic
   102 | D:1      | Reached XP level 2. HP: 15/15 MP: 1/4
   151 | D:1      | Learned a level 2 spell: Stoneskin
   480 | D:1      | Slain by a gnoll

Action                   || total
-------------------------++-------
Melee: Unarmed           ||    14
 Cast: Sandblast         ||    21
